 Dungeon Crawl Stone Soup version 0.29-a0-23-ga79f92ac9c (webtiles) character file.

Game seed: 8947891113464360444

2337 bande the Chopper (level 9, -4/55 HPs)
             Began as a Gargoyle Fighter on Jan 31, 2022.
             Slain by badatthis's ghost (16 damage)
             ... on level 5 of the Dungeon.
             The game lasted 00:13:00 (5916 turns).

bande the Chopper (Gargoyle Fighter)                Turns: 5916, Time: 00:13:01

Health: -4/55      AC: 22    Str: 20    XL:     9   Next: 42%
Magic:  9/9        EV:  6    Int:  9    God:
Gold:   309        SH:  5    Dex: 13    Spells: 8/8 levels left

rFire   . . .      SeeInvis .   a - +0 war axe
rCold   + . .      Faith    .   c - +0 buckler
rNeg    + . .      Spirit   .   l - +0 plate armour {rC+}
rPois   ∞          Reflect  .   p - +2 hat
rElec   +          Harm     .   (no cloak)
rCorr   .          Rampage  .   (no gloves)
Will    .....                   r - +0 pair of boots
Stlth   ..........              i - amulet of regeneration
HPRegen 0.98/turn               (no ring)
MPRegen 0.11/turn               (no ring)

@: mighty
A: sickness immunity, AC +6, negative energy resistance 1, electricity
resistance, torment resistance 1, petrification resistance
a: no special abilities


You were on level 5 of the Dungeon.
You visited 1 branch of the dungeon, and saw 6 of its levels.

You collected 309 gold pieces.

Inventory:

Hand Weapons
 a - a +0 war axe (weapon)
 h - a +0 war axe
 o - a +0 flail
Armour
 c - a +0 buckler (worn)
 l - a +0 plate armour of cold resistance (worn)
 n - a +0 helmet
 p - a +2 hat (worn)
 r - a +0 pair of boots (worn)
Jewellery
 i - an amulet of regeneration (around neck)
Wands
 m - a wand of acid (6)
Potions
 b - a potion of cancellation {unknown}
 e - 2 potions of magic {unknown}
 g - a potion of flight {unknown}
 k - a potion of mutation {unknown}
 s - a potion of brilliance {unknown}


   Skills:
 + Level 6.1 Fighting
 + Level 7.4 Axes
 + Level 7.0 Armour
 + Level 5.3 Shields
 * Level 3.9 Evocations


You had 8 spell levels left.
You didn't know any spells.
Your spell library contained the following spells:

 Spells                   Type           Power      Damage    Failure   Level
 Animate Skeleton         Necr           0%         N/A       100%        1
 Apportation              Tloc           0%         N/A       100%        1
 Summon Small Mammal      Summ           0%         N/A       100%        1
 Wereblood                Tmut           0%         N/A       100%        2
 Summon Hydra             Summ           0%         N/A       100%        7
 Sublimation of Blood     Necr           Unusable   N/A       N/A         2

Dungeon Overview and Level Annotations

Branches:
Dungeon (6/15)
 Temple: D:4-7

Altars:
Ashenzari
Fedhas
Trog
Vehumet
Xom

Shops:
D:5 (

Annotations:
D:5 badatthis's ghost, novice HOMo
D:6 porpoise's ghost, amateur DsBr; southernslant's ghost, novice DsFi


Innate Abilities, Weirdness & Mutations

You are immune to sickness and miasma.
Your stone body is resilient. (AC +6)
You are immune to poison.
You resist negative energy. (rN+)
You are resistant to electric shocks. (rElec)
You are resistant to unholy torment.
You are immune to petrification.


Message History

Badatthis's ghost hits you!
You slash badatthis's ghost!
Badatthis's ghost is lightly damaged.
Badatthis's ghost barely misses you.
You barely miss badatthis's ghost.
Badatthis's ghost is lightly damaged.
Badatthis's ghost hits you! You block badatthis's ghost's attack.
You barely miss badatthis's ghost.
Badatthis's ghost is lightly damaged.
Badatthis's ghost hits you!!
You slash badatthis's ghost!
Badatthis's ghost is moderately damaged.
Badatthis's ghost hits you but does no damage.
You closely miss badatthis's ghost.
Badatthis's ghost is moderately damaged.
You block badatthis's ghost's attack.
You feel better.
Badatthis's ghost hits you but does no damage.
You feel very mighty all of a sudden. Badatthis's ghost hits you.
You slash badatthis's ghost!
Badatthis's ghost is moderately damaged.
You block badatthis's ghost's attack.
You hit badatthis's ghost.
Badatthis's ghost is heavily damaged.
Badatthis's ghost hits you!
* * * LOW HITPOINT WARNING * * *
You slash badatthis's ghost!
Badatthis's ghost is heavily damaged.
Badatthis's ghost whispers, "There is no future for you."
You block badatthis's ghost's attack.
You closely miss badatthis's ghost.
Badatthis's ghost is heavily damaged.
Badatthis's ghost hits you.
* * * LOW HITPOINT WARNING * * *
Badatthis's ghost hits you but does no damage.
You hit badatthis's ghost but do no damage.
Badatthis's ghost is heavily damaged.
Badatthis's ghost hits you!
You die...

########## #........###
###.######...# ##########
#............######.........
#.#.#.............#.########
#......................#
#...#.####W@.........#.#
#...#.# #..##.##.#..#.#
#...#.# #..##.##.#..#.#
#...#.# #.............#####
#...#.####..##.##.##.##.....
#...#.......##.##.##.##.####
#....................##.# #
#..##.##############.##.# #
#..##.######## #.##.# #


You could see badatthis's ghost.

Vanquished Creatures
  The ghost of issech the Cudgeller, a novice TrMo (D:4)
  Grinder (D:3)
  Prince Ribbit (D:6)
  Sigmund (D:6)
  A wraith (D:5)
  An ice beast (D:4)
  A necrophage (D:6)
  A sky beast (D:6)
  A centaur (D:5)
  An ogre (D:5)
  A phantom (D:4)
  Blork the orc (D:6)
  A bullfrog (D:3)
  3 scorpions
  A water moccasin zombie (D:6)
  A centaur zombie (D:5)
  3 hounds (D:4)
  An iguana (D:5)
  An orc wizard (D:5)
  2 hound zombies
  Robin (D:4)
  7 adders
  4 gnolls (D:2)
  An adder zombie (D:5)
  An adder skeleton (D:4)
  A worm (D:2)
  5 dart slugs
  3 orcs (D:5)
  8 endoplasms
  3 giant cockroaches
  10 goblins
  10 hobgoblins
  5 jackals
  A quokka (D:3)
  6 ball pythons
  A frilled lizard (D:2)
  A jackal zombie (D:4)
  6 kobolds
  5 rats
104 creatures vanquished.

Vanquished Creatures (collateral kills)
  A bullfrog skeleton (D:5)
  An iguana (D:5)
  2 orcs (D:5)
4 creatures vanquished.

Vanquished Creatures (others)
  4 withered plants (D:6)
4 creatures vanquished.

Grand Total: 112 creatures vanquished

Notes
Turn   | Place    | Note
-------+----------+-------------------------------------------
     0 | D:1      | bande the Gargoyle Fighter began the quest for the Orb.
     0 | D:1      | Reached XP level 1. HP: 14/14 MP: 1/1
   418 | D:1      | Reached XP level 2. HP: 19/19 MP: 2/2
  1451 | D:2      | Reached XP level 3. HP: 20/23 MP: 3/3
  1547 | D:2      | Reached XP level 4. HP: 29/29 MP: 4/4
  1716 | D:2      | Found a faded altar of an unknown god.
  2001 | D:3      | Noticed Grinder
  2002 | D:3      | Noticed a bullfrog
  2006 | D:3      | Paralysed by Grinder for 4 turns
  2019 | D:3      | Killed a bullfrog
  2020 | D:3      | Reached XP level 5. HP: 27/33 MP: 5/5
  2028 | D:3      | Paralysed by Grinder for 7 turns
  2071 | D:3      | Paralysed by Grinder for 3 turns
  2075 | D:3      | Paralysed by Grinder for 7 turns
  2082 | D:3      | Killed Grinder
  2083 | D:3      | Reached skill level 5 in Armour
  2083 | D:3      | Reached XP level 6. HP: 15/38 MP: 6/6
  3017 | D:4      | Noticed Robin
  3024 | D:4      | Killed Robin
  3118 | D:4      | Reached XP level 7. HP: 43/44 MP: 7/7
  3461 | D:4      | Reached skill level 1 in Evocations
  3567 | D:4      | Found a bloodstained altar of Trog.
  3812 | D:5      | Entered Level 5 of the Dungeon
  3812 | D:5      | Found a runed translucent gate.
  3812 | D:5      | Found a runed translucent gate.
  3812 | D:5      | Found a runed translucent gate.
  3818 | D:5      | Noticed issech's ghost (novice TrMo)
  3834 | D:5      | Reached skill level 5 in Axes
  4000 | D:5      | Noticed a wraith
  4020 | D:5      | Killed a wraith
  4021 | D:5      | Reached XP level 8. HP: 48/48 MP: 8/8
  4045 | D:5      | Reached skill level 5 in Fighting
  4299 | D:5      | Found Illogag's Weapon Shop.
  4805 | D:4      | Killed issech's ghost
  4820 | D:5      | Reached skill level 5 in Shields
  4897 | D:6      | Noticed Prince Ribbit
  4915 | D:6      | Killed Prince Ribbit
  4916 | D:6      | Reached XP level 9. HP: 39/55 MP: 9/9
  5000 | D:6      | Noticed Sigmund
  5016 | D:6      | Killed Sigmund
  5200 | D:6      | Found a runed translucent gate.
  5245 | D:6      | Found a runed translucent gate.
  5246 | D:6      | Found a runed translucent gate.
  5247 | D:6      | Noticed southernslant's ghost (novice DsFi)
  5248 | D:6      | Noticed porpoise's ghost (amateur DsBr)
  5248 | D:6      | Noticed badatthis's ghost (novice HOMo)
  5512 | D:6      | Found a shimmering altar of Xom.
  5513 | D:6      | Found a blossoming altar of Fedhas.
  5514 | D:6      | Found a broken altar of Ashenzari.
  5515 | D:6      | Found a radiant altar of Vehumet.
  5674 | D:6      | Noticed Blork the orc
  5683 | D:6      | Killed Blork the orc
  5916 | D:5      | Slain by badatthis's ghost

Illustrated notes

Levels and vault maps discovered:
D:1:      ncdulo_halloftheorcs, layout_basic, chequers_serial_rivers_micro_c
D:2:      layout_loops_cross, hellmonk_ecumenical_altar_slurped_away
D:3:      layout_basic, minmay_misc_feat_diagonals, uniq_grinder
D:4:      layout_basic, bloody_trog, minmay_ruptured, uniq_robin
D:5:      layout_loops_ring, serial_shops, shop, gammafunk_ghost_split,
          minmay_misc_feat_hallway
D:6:      layout_loops_corners, mainiacjoe_overflow_alcove_3,
          gammafunk_ghost_cemetery, uniq_blork_the_orc, uniq_prince_ribbit1,
          uniq_sigmund

Skill      XL: |  1  2  3  4  5  6  7  8  9 |
---------------+----------------------------+-----
Axes           | 2 3 4 5 6 7 |  7.4
Armour         | 4 5 6 7 |  7.0
Fighting       | 4 5 6 |  6.1
Shields        | 4 5 |  5.3
Evocations     | 1 3 |  3.9

Action                   |  1- 3 |  4- 6 |  7- 9 || total
-------------------------+-------+-------+-------++-------
Melee: War axe           |    62 |   160 |   264 ||   486
  Use: Scroll            |       |     1 |     7 ||     8
       Potion            |       |       |     4 ||     4
Armor: Scale mail        |    29 |    41 |       ||    70
       Plate armour      |       |    49 |   204 ||   253
Dodge: Dodged            |    19 |    52 |    79 ||   150
Block: Buckler           |    14 |    33 |    67 ||   114

Table legend: (Time is in decaauts)
 A = Elapsed time spent in this place.
 B = Non-inter-level travel time spent in this place.
 C = Inter-level travel time spent in this place.
 D = Time resting spent in this place.
 E = Time spent auto-exploring this place.
 F = Levels seen in this place.
 G = Mean time per level.
                   A        B        C        D        E       F      G
               +--------+--------+--------+--------+--------+-----+--------+
         Total |   6077 |   5982 |     95 |    757 |   3830 |   6 | 1012.8 |
       Dungeon |   6077 |   5982 |     95 |    757 |   3830 |   6 | 1012.8 |
               +--------+--------+--------+--------+--------+-----+--------+

Top non-repeatable levels by time:
     D:4: 1391 daAuts
     D:1: 1243 daAuts
     D:6: 1041 daAuts
     D:3: 878 daAuts
     D:5: 839 daAuts
     D:2: 683 daAuts
